AoeStats
← MZTK | GaboxNet .i.

MegaRandom

509756730Analyzed
2v2 RM · 5d ago on Sep 27, 2026· 34m 40s· 4 players
Game mode
Random Map
Map size
Medium (4 player)
Population
200
Speed
Normal
Resources
Standard
Victory
Conquest
Starting age
Dark Age
Ending age
Imperial Age
RankedLock teamsTeams togetherTeam positionsShared explorationLock speedFull tech treeHidden civsTurbo modeCheats
Victory
Defeat
🇨🇦 Goths · Canada
1216
+15
🇳🇿 Khmer · New Zealand
1196
+16
🇺🇸 Huns · United States
1286
-19
🇲🇽 Mongols · Mexico
1113
-12
ap2wang
0:27 Loom
9:42 Feudal Age
19:25 Castle Age
19:08 Double-Bit Axe
22:25 Wheelbarrow
27:32 Horse Collar
28:12 Bow Saw
30:02 Heavy Plow
35:11 Imperial Age
33:04 Man-at-Arms
33:05 Pikeman
33:46 Scale Mail Armor
33:57 Forging
34:12 Long Swordsman
15508
10:52 Feudal Age
10:49 Loom
15:08 Castle Age
13:40 Double-Bit Axe
13:55 Horse Collar
16:50 Bow Saw
24:53 Town Watch
25:31 Bloodlines
27:25 Husbandry
27:35 Scale Barding Armor
27:40 Forging
30:30 Imperial Age
29:20 Chain Barding Armor
30:47 Cavalier
33:12 Plate Barding Armor
33:13 Iron Casting
Shotzsik
9:43 Loom
9:48 Loom
12:07 Feudal Age
13:17 Double-Bit Axe
13:24 Stone Mining
13:59 Horse Collar
16:29 Fletching
22:45 Castle Age
MZTK | GaboxNet .i.
10:28 Feudal Age
11:23 Double-Bit Axe
15:49 Loom
18:56 Castle Age
21:21 Bow Saw
21:16 Fletching
21:16 Horse Collar
26:12 Wheelbarrow
25:07 Man-at-Arms
32:07 Imperial Age
30:26 Long Swordsman
31:07 Scale Mail Armor
31:18 Forging
32:07 Squires
33:00 Chain Mail Armor
33:20 Iron Casting
33:06 Two-Handed Swordsman
34:19 Plate Mail Armor
Connection lost

Rejoining the realm…

Still unreachable

The connection could not be restored.

Session expired

The server has moved on; the page needs a fresh start.